 Dungeon Crawl Stone Soup version 0.26-a0-597-gb535b0901c (webtiles) character file.

Game seed: 5965543675002923734

26068 Lanoc the Gelid (level 13, -3/63 HPs)
             Began as a Kobold Ice Elementalist on Sept 8, 2020.
             Was a High Priest of Ashenzari.
             Slain by a +6 long sword (4 damage)
             ... on level 13 of the Dungeon.
             The game lasted 00:47:13 (15993 turns).

Lanoc the Gelid (Kobold Ice Elementalist)          Turns: 15993, Time: 00:47:14

Health: -3/63      AC:  7    Str:  6    XL:     13   Next: 55%
Magic:  25/25      EV: 28    Int: 21    God:    Ashenzari [*****.]
Gold:   761        SH:  0    Dex: 15    Spells: 7/16 levels left

rFire    . . .     SeeInvis +   o - +2 quarterstaff (chaos) (curse)
rCold    . . .     Faith    .   (shield currently unavailable)
rNeg     + . .     Spirit   .   y - +2 leather armour of the Wild Haggis {rN+ Regen+} (curse)
rPois    .         Reflect  .   (no helmet)
rElec    .         Harm     .   t - +0 cloak (curse)
rCorr    .         Clarity  +   p - +0 pair of gloves
MR       .....                  (no boots)
Stlth    +++.......             r - amulet of magic regeneration (curse)
HPRegen  0.60/turn              i - ring of magical power
MPRegen  0.44/turn              K - +4 ring of evasion (curse)

@: frozen ramparts
A: small, nightstalker 3
a: Curse Item, Scrying, Transfer Knowledge, Renounce Religion


You were on level 13 of the Dungeon.
You worshipped Ashenzari.
Ashenzari was extremely pleased with you.
You visited 1 branch of the dungeon, and saw 13 of its levels.
You also visited: Sewer and Ossuary.

You collected 871 gold pieces.
You spent 110 gold pieces at shops.

Inventory:

Hand Weapons
 o - a cursed +2 quarterstaff of chaos (weapon)
Missiles
 z - 4 throwing nets
 H - 4 curare-tipped darts (quivered)
Armour
 p - a +0 pair of gloves (worn)
 t - a cursed +0 cloak (worn)
 y - the cursed +2 leather armour of the Wild Haggis (worn) {rN+ Regen+}
   (You found it on level 5 of the Dungeon)

   It protects you from negative energy.
   It increases your rate of regeneration.
   It has a curse placed upon it.
 E - a scarf of repulsion
 M - the +10 plate armour "Gadijogg" {rPois rF+ MR- Dex+6}
   (You took it off an orc warrior on level 10 of the Dungeon)

   It affects your dexterity (+6).
   It protects you from fire.
   It protects you from poison.
   It affects your resistance to hostile enchantments.
Jewellery
 i - a ring of magical power (left hand)
 r - a cursed amulet of magic regeneration (around neck)
 K - a cursed +4 ring of evasion (right hand)
Wands
 a - a wand of flame (22)
 A - a wand of paralysis (6)
 C - a wand of iceblast (3)
 F - a wand of polymorph (4)
 G - a wand of disintegration (16)
 J - a wand of random effects (19)
Scrolls
 e - 3 scrolls of blinking
 g - 4 scrolls of magic mapping
 h - 2 scrolls of fear
 l - 4 scrolls of remove curse
 n - 3 scrolls of amnesia {unknown}
 q - 4 scrolls of enchant armour {unknown}
 s - 3 scrolls of teleportation
 v - 2 scrolls of fog
 w - a scroll of immolation
 x - a scroll of summoning
 L - a scroll of enchant weapon
 N - a scroll of holy word
Potions
 b - a potion of heal wounds
 c - 3 potions of mutation
 d - 4 potions of lignification
 f - 3 potions of curing
 j - 4 potions of might
 k - 4 potions of magic
 m - a potion of brilliance
 u - 4 potions of haste
 B - a potion of invisibility
 D - 6 potions of ambrosia
 I - a potion of berserk rage {unknown}


   Skills:
 + Level 14.7 Dodging
 - Level 2.6 Stealth
 - Level 2.1 Spellcasting
 * Level 17.2(19.3) Ice Magic


You had 7 spell levels left.
You knew the following spells:

 Your Spells              Type           Power        Failure   Level
a - Freeze                Ice            ####         0%          1
b - Frozen Ramparts       Ice            ######       1%          3
c - Ozocubu's Armour      Ice            ######..     1%          3
d - Ensorcelled Hibernat  Hex/Ice        #####.       1%          2

Your spell library contained the following spells:

 Spells                   Type           Power        Failure   Level
 Hailstorm                Conj/Ice       #####...     4%          4
 Summon Ice Beast         Ice/Summ       #####...     4%          4
 Corona                   Hex            #......      21%         1
 Magic Dart               Conj           #...         21%         1
 Searing Ray              Conj           #.....       30%         2
 Confusing Touch          Hex            #.......     52%         3
 Dazzling Flash           Conj/Hex       #.....       52%         3
 Tukima's Dance           Hex            #.......     52%         3
 Fulminant Prism          Conj/Hex       #.........   89%         4
 Iskenderun's Mystic Bla  Conj/Tloc      #.......     89%         4
 Summon Lightning Spire   Summ/Air       #.......     89%         4
 Silence                  Hex/Air        #.........   99%         5
 Conjure Ball Lightning   Conj/Air       #.........   100%        6
 Tornado                  Air            #.........   100%        9


Dungeon Overview and Level Annotations

Branches:
Dungeon (13/15)            Temple (0/1) D:6            Lair (0/6) D:8
    Orc (0/2) D:10          Sewer (visited)         Ossuary (visited)
 Vaults: D:13-14

Altars:
Ashenzari
Cheibriados
Dithmenos
Elyvilon
Gozag
Hepliaklqana
Kikubaaqudgha
Ru
Trog
Uskayaw
Vehumet
Xom
The Shining One

Shops:
D:5 !   D:11 *

Annotations:
D:12 2 transporters, Korodgh's ghost, journeyman TrTm


Innate Abilities, Weirdness & Mutations

You are small and have problems with some larger weapons.
You are completely attuned to the shadows.


Message History

The wall freezes the +6 long sword but do no damage.
The +6 long sword misses you.
You hit the +6 long sword but do no damage.
The +6 long sword is lightly damaged.
The +6 long sword resists.
The wall freezes the +6 long sword.
The +6 long sword hits you!!
* * * LOW HITPOINT WARNING * * *
The +6 long sword resists.
The wall freezes the +6 long sword.
The +6 long sword barely misses you.
You hear the faint crackling of a distant melting archway.
The +6 long sword completely resists.
The wall freezes the +6 long sword but do no damage.
A +5 long sword comes into view.
The +6 long sword closely misses you.
The +5 long sword completely resists.
The wall freezes the +5 long sword but do no damage.
The +6 long sword hits you!!
* * * LOW HITPOINT WARNING * * *
The +6 long sword hits you.
You die...

,,+,,,,*
#.......#..,,,,,,,,*,
,,*,,,,*
#.......#..,,,,,,,,*,
,,*,,,,*
#..........,,,,,,,,*,
****,,,*
#..........,,,,,,,,**
,,,*****
###...$..#∆*,,^,,,,**
,,,*
#......##***,,,,,,,,
,,,*
#........∩,,,,,,,,,,
,,,*
#..((..###**,,,,,,,,
,,,*
#..@....#∆*,,,,,,,,,
,,,*
##.......,,,,,,,****
****
##.....,,,,,,,,****
######*,,,,,,,,,,,
*,,,,,,,,,,,
*,,,,,,,,,,,
*,,,,,,,,,,,
*,,,,,,,,,,,
*,,,,,,,,,,,


You could see 2 dancing weapons.

Vanquished Creatures
  Snorg (D:11)
  Harold (D:8)
  A centaur warrior (D:13)
  8 death yaks (D:11)
  Nergalle (D:10)
  Sonja (D:10)
  Pikel (D:6)
  A deep elf mage (D:12)
  An ugly thing (D:12)
  2 manticores
  Psyche (D:9)
  A gargoyle (D:12)
  Maggie (D:6)
  A yaktaur (shapeshifter) (D:11)
  A komodo dragon (D:11)
  A queen bee (D:11)
  2 trolls
  A dream sheep (shapeshifter) (D:10)
  3 slime creatures (D:12)
  A hippogriff (D:7)
  5 dream sheep (D:11)
  A wraith (D:12)
  5 humans (D:11)
  A shadow (D:11)
  A basilisk (D:12)
  11 yaks (D:11)
  A soldier ant (D:10)
  A naga (D:10)
  2 ice beasts
  10 orc warriors
  6 sky beasts
  2 necrophages (D:10)
  2 black bears
  2 phantoms
  2 ogres
  13 centaurs
  A crocodile (D:12)
  2 lemures (D:6)
  4 big kobolds
  5 bullfrogs
  18 scorpions
  18 killer bees
  4 howler monkeys
  3 electric eels (D:10)
  4 centaur zombies
  5 jellies
  2 bullfrog zombies
  16 orc wizards
  Crazy Yiuf (D:3)
  17 orc priests
  2 hounds
  3 bullfrog skeletons
  2 iguanas (D:10)
  9 worker ants
  3 big kobold zombies (Ossuary)
  A hound zombie (D:8)
  3 mummies (Ossuary)
  A worker ant zombie (D:10)
  A howler monkey zombie (D:11)
  3 gnolls (D:4)
  A howler monkey skeleton (D:10)
  4 river rats (Sewer)
  3 scorpion zombies (Ossuary)
  24 adders
  A shadow imp (D:10)
  2 ufetubi
  5 oozes
  2 adder skeletons
  2 adder zombies
  3 worms
  4 dart slugs
  5 leopard geckos
  64 orcs
  A bat zombie (D:9)
  7 giant cockroaches
  2 goblins
  3 hobgoblins (D:3)
  8 jackals
  16 kobolds
  12 quokkas
  11 ball pythons
  10 bats
  6 frilled lizards
  A gnoll zombie (Ossuary)
  3 goblin zombies (Ossuary)
  2 hobgoblin zombies (Ossuary)
  A jackal skeleton (D:4)
  A kobold zombie (Ossuary)
  3 orc zombies (Ossuary)
  28 rats
459 creatures vanquished.

Vanquished Creatures (others)
  3 fungi
  A plant (D:6)
4 creatures vanquished.

Grand Total: 463 creatures vanquished

Notes
Turn   | Place    | Note
-------+----------+-------------------------------------------
     0 | D:1      | Lanoc the Kobold Ice Elementalist began the quest for the
                  | Orb.
     0 | D:1      | Reached XP level 1. HP: 10/10 MP: 3/3
   474 | D:2      | Reached XP level 2. HP: 15/15 MP: 1/5
   724 | D:2      | Reached XP level 3. HP: 16/19 MP: 1/6
   729 | D:2      | Learned a level 3 spell: Frozen Ramparts
  1097 | D:3      | Reached XP level 4. HP: 19/24 MP: 3/7
  1105 | D:3      | Found a faded altar of an unknown god.
  1113 | D:3      | Became a worshipper of Ashenzari the Shackled
  1113 | D:3      | Reached * piety under Ashenzari
  1161 | D:3      | Reached skill level 5 in Ice Magic
  1167 | D:3      | Found a glowing drain.
  1222 | Sewer    | Entered a sewer
  1515 | Sewer    | Reached XP level 5. HP: 25/28 MP: 2/8
  1954 | Sewer    | Noticed a bullfrog
  1961 | Sewer    | Noticed a bullfrog
  1974 | Sewer    | Killed a bullfrog
  1974 | Sewer    | Reached skill level 6 in Ice Magic
  1974 | Sewer    | Reached XP level 6. HP: 18/32 MP: 9/9
  2354 | D:3      | Reached skill level 5 in Dodging
  2530 | D:3      | Found a glowing golden altar of the Shining One.
  2531 | D:3      | Found a white marble altar of Elyvilon.
  2531 | D:3      | Found a bloodstained altar of Trog.
  2533 | D:3      | Found a shimmering altar of Xom.
  2626 | D:3      | Reached XP level 7. HP: 36/36 MP: 10/10
  2744 | D:3      | Reached skill level 7 in Ice Magic
  3430 | D:3      | Found a runed translucent door.
  3433 | D:3      | Noticed Crazy Yiuf
  3444 | D:3      | Killed Crazy Yiuf
  3627 | D:4      | Reached XP level 8. HP: 29/41 MP: 11/11
  3740 | D:4      | Reached skill level 8 in Ice Magic
  4317 | D:4      | Found an opulent altar of Gozag.
  4431 | D:4      | Reached ** piety under Ashenzari
  4531 | D:5      | Entered Level 5 of the Dungeon
  4736 | D:5      | Found a sand-covered staircase.
  4838 | D:5      | Learned a level 3 spell: Ozocubu's Armour
  4839 | Ossuary  | Entered an ossuary
  4896 | Ossuary  | Reached skill level 9 in Ice Magic
  5539 | Ossuary  | Reached XP level 9. HP: 18/45 MP: 12/12
  6429 | Ossuary  | Reached skill level 10 in Ice Magic
  6848 | D:5      | Found Xim Turr's Distillery.
  6853 | D:5      | Bought a potion of heal wounds for 55 gold pieces
  6853 | D:5      | Bought a potion of heal wounds for 55 gold pieces
  6914 | D:5      | Got the uncursed leather armour of the Wild Haggis {rN+
                  | Regen+}
  6924 | D:5      | Identified the +2 leather armour of the Wild Haggis {rN+
                  | Regen+} (You found it on level 5 of the Dungeon)
  7476 | D:5      | Found a snail-covered altar of Cheibriados.
  7858 | D:6      | Noticed Pikel
  7996 | D:6      | Found a sacrificial altar of Ru.
  8060 | D:6      | Noticed Maggie
  8071 | D:6      | Killed Maggie
  8071 | D:6      | Reached skill level 11 in Ice Magic
  8163 | D:6      | Killed Pikel
  8163 | D:6      | Reached XP level 10. HP: 43/50 MP: 13/13
  8177 | D:6      | Found a staircase to the Ecumenical Temple.
  8505 | D:7      | Reached *** piety under Ashenzari
  8729 | D:7      | Reached skill level 10 in Dodging
  8787 | D:7      | Found a shadowy altar of Dithmenos.
  8793 | D:7      | Reached skill level 12 in Ice Magic
  8827 | D:7      | Found a hazy altar of Hepliaklqana.
  9738 | D:8      | Noticed Harold
  9762 | D:8      | Killed Harold
  9878 | D:8      | Found a glowing golden altar of the Shining One.
 10060 | D:8      | Found a radiant altar of Vehumet.
 10163 | D:8      | Found a staircase to the Lair.
 10474 | D:9      | Reached XP level 11. HP: 54/54 MP: 14/14
 10497 | D:9      | Reached skill level 13 in Ice Magic
 10835 | D:9      | Reached **** piety under Ashenzari
 10884 | D:9      | Found an ancient bone altar of Kikubaaqudgha.
 11205 | D:9      | Noticed Psyche
 11213 | D:9      | Killed Psyche
 11303 | D:9      | Found a hide-covered altar of Uskayaw.
 11364 | D:10     | Entered Level 10 of the Dungeon
 11625 | D:10     | Noticed Sonja
 12127 | D:10     | Noticed Nergalle
 12150 | D:10     | Killed Nergalle
 12234 | D:10     | Noticed Joseph
 12239 | D:10     | Noticed Joseph
 12239 | D:10     | Joseph changed into Joseph the glowing shapeshifter
 12239 | D:10     | Joseph the glowing shapeshifter changed into Joseph the
                  | dream sheep
 12241 | D:10     | Noticed Joseph
 12241 | D:10     | Joseph the dream sheep changed into Joseph the two-headed
                  | ogre
 12244 | D:10     | Noticed Joseph
 12244 | D:10     | Joseph the two-headed ogre changed into Joseph the lindwurm
 12245 | D:10     | Joseph the lindwurm changed into Joseph the dream sheep
 12295 | D:10     | Killed Sonja
 12295 | D:10     | Reached skill level 14 in Ice Magic
 12355 | D:10     | Identified the +10 plate armour "Gadijogg" {rPois rF+ MR-
                  | Dex+6}
 12732 | D:10     | Found a staircase to the Orcish Mines.
 13074 | D:11     | Noticed a cyclops
 13077 | D:11     | a cyclops changed into a shapeshifter
 13082 | D:11     | Reached XP level 12. HP: 59/59 MP: 15/15
 13193 | D:11     | Found Turuet's Assorted Antiques.
 13264 | D:11     | Reached skill level 15 in Ice Magic
 13346 | D:11     | Learned a level 2 spell: Ensorcelled Hibernation
 13402 | D:11     | Noticed a death yak
 13403 | D:11     | Noticed a death yak
 13403 | D:11     | Noticed a death yak
 13408 | D:11     | Noticed a death yak
 13415 | D:11     | Killed a death yak
 13417 | D:11     | Killed a death yak
 13418 | D:11     | Killed a death yak
 13429 | D:11     | Killed a death yak
 13481 | D:11     | Noticed a death yak
 13482 | D:11     | Noticed a death yak
 13482 | D:11     | Noticed a death yak
 13495 | D:11     | Noticed a death yak
 13495 | D:11     | Killed a death yak
 13495 | D:11     | Reached skill level 16 in Ice Magic
 13496 | D:11     | Killed a death yak
 13505 | D:11     | Killed a death yak
 13508 | D:11     | Killed a death yak
 13508 | D:11     | Reached XP level 13. HP: 34/63 MP: 16/16
 13806 | D:11     | Noticed Snorg
 13981 | D:11     | HP: 1/63 [centaur/arrow (11)]
 13994 | D:11     | Killed Snorg
 14119 | D:12     | Found a shimmering altar of Xom.
 14279 | D:12     | Reached ***** piety under Ashenzari
 14595 | D:12     | Found a transporter.
 14597 | D:12     | Noticed Korodgh's ghost (journeyman TrTm)
 14638 | D:12     | Found a transporter.
 14648 | D:12     | Reached skill level 17 in Ice Magic
 14806 | D:12     | Identified the +2 robe of the Blessed Realm {+Inv rF++}
 15895 | D:13     | Noticed a centaur warrior
 15923 | D:13     | Killed a centaur warrior
 15993 | D:13     | HP: 1/63 [+6 long sword (18)]
 15993 | D:13     | Slain by a +6 long sword

Illustrated notes

Levels and vault maps discovered:
D:1:      matt_arrival_grand_opening, layout_basic
D:2:      layout_loops_ring, minivault_4
D:3:      minmay_razor_zed, layout_basic,
          chequers_temple_overflow_statue_of_worship, gup_sewer_entry_pipe,
          chequers_ecumenical_altar_simple_redux, uniq_crazy_yiuf_cottage
D:4:      layout_basic, lemuel_crystal_altar, minmay_misc_feat_five,
          chequers_decorated_corner, wad_orctagon
D:5:      layout_gridville, lightli_ossuary_entry_decrepit_ruins, serial_shops,
          shop, solitary_fountain, chei_slow_surprise
D:6:      layout_loops_cross, nicolae_ru_the_path_less_chosen,
          minmay_temple_entry_water_ring, kennysheep_dice, uniq_pikel,
          uniq_maggie
D:7:      layout_basic, lemuel_doored_altar, nicolae_dithmenos_shadow_blocks
D:8:      layout_loops_ring, vehumet_crystals, lair_entry_dummy, basic_altar,
          uniq_harold
D:9:      layout_loops_corners, lemuel_zombie_altar_kikubaaqudgha,
          overflow_temple_1_default, uniq_psyche
D:10:     layout_loops_ring, erik_orc_2, uniq_sonja, uniq_joseph, uniq_nergalle
D:11:     slaughterhouse, layout_basic, serial_shops, shop, special_room
          [special_room_bee], solitary_fountain, centaur_isle, uniq_snorg
D:12:     layout_cave_pods, basic_altar, gammafunk_ghost_mausoleum
D:13:     layout_gridville, erik_vaults_1,
          portal_ice_cave_entry_animals_and_master

Skill      XL: |  1  2  3  4  5  6  7  8  9 10 11 12 13 |
---------------+----------------------------------------+-----
Dodging        | 3 4 5 6 7 9 11 12 13 14 | 14.7
Ice Magic      | 5 6 7 9 11 12 14 16 17 | 17.2
Stealth        | |  2.6
Spellcasting   | |  2.1

Action                   |  1- 3 |  4- 6 |  7- 9 | 10-12 | 13-15 || total
-------------------------+-------+-------+-------+-------+-------++-------
Melee: Unarmed           |    17 |    65 |    36 |       |       ||   118
       Quarterstaff      |       |       |   225 |   442 |   139 ||   806
Throw: Dart              |       |       |       |       |     5 ||     5
 Cast: Freeze            |    37 |    28 |     3 |       |       ||    68
       Frozen Ramparts   |       |    19 |    61 |    85 |    26 ||   191
       Ozocubu's Armour  |       |       |     1 |       |       ||     1
Invok: Curse Item        |       |       |     3 |     1 |       ||     4
Evoke: Wand              |       |       |       |       |     4 ||     4
  Use: Scroll            |     3 |     3 |     8 |     5 |     2 ||    21
       Potion            |     1 |       |     5 |     8 |     8 ||    22
 Stab: Sleeping          |       |     3 |    16 |     4 |     4 ||    27
       Distracted        |       |       |     2 |       |     1 ||     3
       Paralysed         |       |       |     1 |     3 |     2 ||     6
       Petrified         |       |       |       |     5 |       ||     5
       Petrifying        |       |       |       |     1 |       ||     1
       Confused          |       |       |       |     2 |     1 ||     3
Armor: Robe              |     4 |    15 |    32 |       |       ||    51
       Leather armour    |       |       |     8 |    74 |    16 ||    98
Dodge: Dodged            |    24 |   112 |   262 |   474 |   284 ||  1156

Table legend: (Time is in decaauts)
 A = Elapsed time spent in this place.
 B = Non-inter-level travel time spent in this place.
 C = Inter-level travel time spent in this place.
 D = Time resting spent in this place.
 E = Time spent auto-exploring this place.
 F = Levels seen in this place.
 G = Mean time per level.
                   A        B        C        D        E       F      G
               +--------+--------+--------+--------+--------+-----+--------+
         Total |  16326 |  16031 |    295 |   2043 |   9946 |  15 | 1088.4 |
       Dungeon |  13132 |  12837 |    295 |    560 |   8959 |  13 | 1010.2 |
         Sewer |   1173 |   1173 |      0 |    508 |    316 |   1 | 1173.0 |
       Ossuary |   2020 |   2020 |      0 |    975 |    671 |   1 | 2020.0 |
               +--------+--------+--------+--------+--------+-----+--------+

Top non-repeatable levels by time:
 Ossuary: 2020 daAuts
    D:11: 1772 daAuts
    D:10: 1520 daAuts
     D:3: 1404 daAuts
    D:12: 1365 daAuts
   Sewer: 1173 daAuts
     D:7: 1106 daAuts
     D:4: 1061 daAuts
     D:5: 1039 daAuts
     D:9: 938 daAuts
     D:6: 937 daAuts
     D:8: 891 daAuts
     D:2: 875 daAuts
     D:1: 117 daAuts
    D:13: 102 daAuts
